General information
- name: BNet
- type: Ladder team game (AT/RT)
- host: Battle.net
- saver: LordFarsanky
map: FullScaleAssault
- players: 8
- length: 62:00
- speed: Fast
- version: 1.26 W3XP
- replay type: Public
» download(321 KB)
Players
team 1 (winner)

»
Black_Elf. (
pink | 31 APM | 1932 actions | 62:00)
5 Archmage
3 Summon Water Elemental
2 Brilliance Aura
3 Paladin
1 Holy Light
2 Divine Shield
» actions
| Assign group hotkey | 46 | |
| Basic commands | 3 | |
| Build / train | 104 | |
| Enter build submenu | 34 | |
| Enter hero's abilities submenu | 8 | |
| Remove unit from queue | 7 | |
| Right click | 820 | |
| Select / deselect | 516 | |
| Select group hotkey | 259 | |
| Use ability | 135 | |
1932 total
» units
| Peasant | 16 | |
| Mortar Team | 8 | |
| Sorceress | 13 | |
| Priest | 5 | |
| Siege Engine | 11 | |
53 total
» upgrades
| Gunpowder | 3 | |
| Lumber Harvesting | 1 | |
| Priest Training | 0 | |
| Flare | 1 | |
| Sorceress Training | 2 | |
| Magic Sentry | 1 | |
| Plating | 3 | |
| Barrage | 1 | |
| Fragmentation Shards | 1 | |
| Masonry | 1 | |
14 total
» buildings
| Keep | 6 | |
| Altar of Kings | 1 | |
| Farm | 13 | |
| Blacksmith | 1 | |
| Lumber Mill | 1 | |
| Workshop | 2 | |
| Arcane Sanctum | 1 | |
| Scout Tower | 17 | |
| Arcane Tower | 1 | |
| Guard Tower | 5 | |
| Town Hall | 5 | |
| Castle | 2 | |
| Arcane Vault | 1 | |
56 total
» build order
01:22 Keep
01:22 Keep
01:22 Keep
01:45 Altar of Kings
01:51 Farm
02:04 Blacksmith
02:59 Lumber Mill
03:24 Farm
03:59 Workshop
04:05 Arcane Sanctum
04:34 Farm
04:36 Farm
05:04 Scout Tower
05:05 Scout Tower
05:07 Scout Tower
05:41 Arcane Tower
05:42 Guard Tower
05:45 Guard Tower
05:55 Farm
06:29 Farm
07:58 Farm
07:59 Farm
08:00 Farm
08:08 Workshop
09:06 Farm
10:48 Town Hall
11:36 Castle
13:48 Arcane Vault
17:01 Town Hall
26:12 Farm
26:13 Farm
26:14 Farm
27:48 Town Hall
30:07 Keep
30:08 Keep
32:47 Town Hall
35:36 Keep
38:29 Scout Tower
38:33 Scout Tower
38:40 Scout Tower
38:46 Scout Tower
39:09 Guard Tower
39:21 Guard Tower
39:21 Guard Tower
39:29 Scout Tower
39:31 Scout Tower
39:32 Scout Tower
39:33 Scout Tower
39:35 Scout Tower
39:35 Scout Tower
39:36 Scout Tower
39:36 Scout Tower
39:38 Scout Tower
39:39 Scout Tower
42:25 Town Hall
» items
LordFarsanky (
purple | 69 APM | 4286 actions | 62:00)
9 Death Knight
3 Death Coil
3 Unholy Aura
2 Death Pact
1 Animate Dead
» actions
| Assign group hotkey | 280 | |
| Basic commands | 326 | |
| Build / train | 103 | |
| Enter build submenu | 33 | |
| Enter hero's abilities submenu | 9 | |
| Give item / drop item | 8 | |
| Right click | 1813 | |
| Select / deselect | 668 | |
| Select group hotkey | 886 | |
| Use ability | 160 | |
4286 total
» units
| Acolyte | 14 | |
| Ghoul | 8 | |
| Crypt Fiend | 9 | |
| Goblin Shredder | 4 | |
| Gargoyle | 25 | |
| Goblin Zeppelin | 1 | |
| Goblin Sapper | 5 | |
66 total
» upgrades
| Burrow | 1 | |
| Creature Attack | 3 | |
| Creature Carapace | 3 | |
| Stone Form | 1 | |
| Web | 1 | |
9 total
» buildings
| Crypt | 7 | |
| Ziggurat | 14 | |
| Altar of Darkness | 1 | |
| Graveyard | 1 | |
| Tomb of Relics | 1 | |
| Halls of the Dead | 1 | |
| Nerubian Tower | 1 | |
| Black Citadel | 1 | |
| Spirit Tower | 3 | |
| Sacrificial Pit | 1 | |
31 total
» build order
00:16 Crypt
00:19 Ziggurat
01:02 Altar of Darkness
01:14 Ziggurat
01:42 Graveyard
01:53 Tomb of Relics
04:07 Halls of the Dead
05:28 Nerubian Tower
06:17 Ziggurat
07:32 Ziggurat
07:34 Ziggurat
07:36 Ziggurat
07:38 Ziggurat
07:39 Ziggurat
08:52 Black Citadel
08:55 Crypt
08:56 Crypt
08:59 Crypt
09:15 Spirit Tower
09:24 Sacrificial Pit
14:58 Spirit Tower
18:55 Crypt
18:55 Crypt
18:58 Crypt
28:13 Spirit Tower
32:34 Ziggurat
32:35 Ziggurat
32:36 Ziggurat
32:36 Ziggurat
32:37 Ziggurat
» items
| Rod of Necromancy | 2 | |
| Scroll of Town Portal | 2 | |
| Orb of Corruption | 1 | |
| Potion of Healing | 2 | |
| Potion of Mana | 2 | |
| Periapt of Vitality | 1 | |
| Lesser Clarity Potion | 1 | |
| Staff of Teleportation | 1 | |
12 total

»
cFx1993 (
orange | 34 APM | 2137 actions | 62:00)
5 Dreadlord
3 Vampiric Aura
2 Carrion Swarm
5 Crypt Lord
2 Impale
2 Spiked Carapace
1 Carrion Beetles
» actions
| Basic commands | 9 | |
| Build / train | 88 | |
| Enter build submenu | 28 | |
| Enter hero's abilities submenu | 10 | |
| Give item / drop item | 3 | |
| Remove unit from queue | 3 | |
| Right click | 1391 | |
| Select / deselect | 533 | |
| Use ability | 72 | |
2137 total
» units
| Acolyte | 13 | |
| Ghoul | 5 | |
| Crypt Fiend | 34 | |
| Goblin Zeppelin | 1 | |
53 total
» upgrades
| Burrow | 1 | |
| Web | 1 | |
| Creature Attack | 1 | |
| Creature Carapace | 3 | |
6 total
» buildings
| Ziggurat | 7 | |
| Altar of Darkness | 1 | |
| Crypt | 3 | |
| Graveyard | 1 | |
| Halls of the Dead | 2 | |
| Spirit Tower | 4 | |
| Sacrificial Pit | 1 | |
| Tomb of Relics | 1 | |
| Black Citadel | 1 | |
21 total
» build order
00:16 Ziggurat
00:21 Altar of Darkness
00:35 Crypt
00:41 Crypt
01:56 Graveyard
02:06 Ziggurat
03:40 Halls of the Dead
03:41 Halls of the Dead
03:57 Ziggurat
05:14 Spirit Tower
06:23 Sacrificial Pit
06:36 Tomb of Relics
07:06 Ziggurat
09:59 Ziggurat
10:28 Crypt
12:38 Black Citadel
12:40 Spirit Tower
12:46 Ziggurat
19:39 Spirit Tower
19:47 Spirit Tower
23:02 Ziggurat
» items
| Rod of Necromancy | 1 | |
| Dust of Appearance | 1 | |
| Potion of Healing | 2 | |
| Orb of Lightning | 1 | |
| Scroll of Town Portal | 1 | |
| Orb of Corruption | 1 | |
7 total
FUXSUHDUXS2 (
teal | 18 APM | 1120 actions | 62:00)
7 Blademaster
3 Wind Walk
3 Critical Strike
1 Bladestorm
» actions
| Basic commands | 1 | |
| Build / train | 58 | |
| Enter build submenu | 19 | |
| Enter hero's abilities submenu | 7 | |
| Remove unit from queue | 7 | |
| Right click | 782 | |
| Select / deselect | 193 | |
| Use ability | 53 | |
1120 total
» units
» upgrades
| Ranged Weapons | 3 | |
| Liquid Fire | 1 | |
| Armor | 1 | |
| Melee Weapons | 1 | |
6 total
» buildings
| Orc Burrow | 13 | |
| Altar of Storms | 1 | |
| Stronghold | 1 | |
| Voodoo Lounge | 1 | |
| War Mill | 1 | |
| Fortress | 1 | |
| Beastiary | 3 | |
21 total
» build order
01:29 Orc Burrow
01:35 Altar of Storms
01:58 Stronghold
02:10 Voodoo Lounge
02:15 War Mill
04:41 Orc Burrow
04:47 Orc Burrow
05:55 Fortress
07:20 Beastiary
07:24 Beastiary
07:30 Beastiary
07:35 Orc Burrow
07:39 Orc Burrow
11:11 Orc Burrow
17:30 Orc Burrow
17:35 Orc Burrow
20:56 Orc Burrow
20:58 Orc Burrow
21:02 Orc Burrow
21:06 Orc Burrow
21:54 Orc Burrow
» items
| Orb of Lightning | 1 | |
| Boots of Speed | 1 | |
2 total
team 2 (loser)

»
out.there (
red | 74 APM | 2011 actions | 27:17)
5 Archmage
3 Blizzard
2 Brilliance Aura
5 Blood Mage
3 Flame Strike
2 Banish
» actions
| Assign group hotkey | 20 | |
| Basic commands | 135 | |
| Build / train | 110 | |
| ESC pressed | 6 | |
| Enter build submenu | 54 | |
| Enter hero's abilities submenu | 10 | |
| Give item / drop item | 5 | |
| Right click | 648 | |
| Select / deselect | 276 | |
| Select group hotkey | 629 | |
| Use ability | 118 | |
2011 total
» units
| Peasant | 19 | |
| Footman | 4 | |
| Goblin Shredder | 1 | |
| Gryphon Rider | 14 | |
| Goblin Zeppelin | 1 | |
| Siege Engine | 3 | |
| Mortar Team | 3 | |
45 total
» upgrades
| Masonry | 2 | |
| Swords | 3 | |
| Animal War Training | 1 | |
| Storm Hammers | 1 | |
| Armor | 3 | |
| Barrage | 1 | |
| Gunpowder | 1 | |
| Plating | 1 | |
| Fragmentation Shards | 1 | |
14 total
» buildings
| Altar of Kings | 1 | |
| Farm | 12 | |
| Barracks | 1 | |
| Scout Tower | 21 | |
| Lumber Mill | 1 | |
| Guard Tower | 15 | |
| Arcane Tower | 2 | |
| Arcane Vault | 1 | |
| Town Hall | 3 | |
| Keep | 1 | |
| Castle | 1 | |
| Blacksmith | 1 | |
| Gryphon Aviary | 3 | |
| Workshop | 3 | |
66 total
» build order
00:18 Altar of Kings
00:25 Farm
00:40 Barracks
01:03 Farm
01:46 Farm
01:49 Scout Tower
01:55 Lumber Mill
02:39 Guard Tower
02:42 Arcane Tower
03:43 Arcane Vault
04:09 Town Hall
04:13 Scout Tower
04:32 Keep
04:46 Arcane Tower
06:22 Scout Tower
06:24 Scout Tower
06:26 Scout Tower
06:56 Guard Tower
06:58 Castle
07:00 Blacksmith
07:02 Guard Tower
07:10 Scout Tower
07:12 Scout Tower
07:21 Guard Tower
07:23 Farm
07:47 Guard Tower
08:12 Gryphon Aviary
08:15 Gryphon Aviary
08:52 Gryphon Aviary
09:15 Farm
09:18 Scout Tower
09:58 Guard Tower
10:04 Farm
10:06 Farm
10:10 Farm
10:12 Farm
10:26 Scout Tower
10:55 Guard Tower
11:06 Farm
12:10 Town Hall
12:24 Scout Tower
12:26 Scout Tower
12:56 Guard Tower
12:58 Scout Tower
12:59 Guard Tower
13:01 Scout Tower
14:41 Guard Tower
14:44 Scout Tower
14:45 Scout Tower
15:01 Farm
16:03 Scout Tower
16:05 Scout Tower
17:13 Scout Tower
17:13 Scout Tower
17:20 Guard Tower
17:38 Farm
17:50 Guard Tower
18:00 Guard Tower
18:28 Guard Tower
21:39 Workshop
21:40 Workshop
21:41 Workshop
23:34 Town Hall
25:52 Scout Tower
25:54 Scout Tower
26:34 Guard Tower
» items
| Scroll of Regeneration | 8 | |
| Periapt of Vitality | 1 | |
| Potion of Lesser Invulnerability | 1 | |
| Lesser Clarity Potion | 1 | |
| Orb of Fire | 2 | |
| Potion of Healing | 2 | |
| Boots of Speed | 1 | |
| Scroll of Town Portal | 4 | |
20 total
CountryInternet (
yellow | 52 APM | 3254 actions | 62:00)
7 Mountain King
3 Storm Bolt
3 Bash
1 Avatar
1 Crypt Lord
1 Carrion Beetles
» actions
| Assign group hotkey | 33 | |
| Basic commands | 27 | |
| Build / train | 137 | |
| ESC pressed | 2 | |
| Enter build submenu | 63 | |
| Enter hero's abilities submenu | 8 | |
| Give item / drop item | 7 | |
| Remove unit from queue | 1 | |
| Right click | 1322 | |
| Select / deselect | 805 | |
| Select group hotkey | 699 | |
| Use ability | 150 | |
3254 total
» units
| Peasant | 20 | |
| Footman | 4 | |
| Dragonhawk Rider | 6 | |
| Goblin Zeppelin | 1 | |
| Grunt | 4 | |
| Tauren | 2 | |
| Knight | 4 | |
41 total
» upgrades
| Masonry | 5 | |
| Swords | 3 | |
| Armor | 3 | |
| Animal War Training | 1 | |
| Cloud | 1 | |
| Lumber Harvesting | 3 | |
| Plating | 4 | |
| Flare | 1 | |
| Magic Sentry | 1 | |
| Gunpowder | 2 | |
| Long Rifles | 1 | |
| Defend | 1 | |
26 total
» buildings
| Altar of Kings | 3 | |
| Farm | 10 | |
| Barracks | 2 | |
| Arcane Vault | 3 | |
| Lumber Mill | 2 | |
| Town Hall | 5 | |
| Scout Tower | 28 | |
| Arcane Tower | 4 | |
| Keep | 4 | |
| Blacksmith | 1 | |
| Gryphon Aviary | 4 | |
| Castle | 4 | |
| Guard Tower | 22 | |
| Necropolis | 1 | |
| Arcane Sanctum | 1 | |
94 total
» build order
00:04 Altar of Kings
00:07 Farm
01:35 Farm
01:40 Barracks
02:17 Arcane Vault
02:21 Lumber Mill
03:56 Farm
04:04 Town Hall
04:06 Scout Tower
04:45 Farm
04:56 Arcane Tower
05:13 Keep
06:41 Scout Tower
06:46 Scout Tower
07:27 Blacksmith
08:04 Gryphon Aviary
08:12 Gryphon Aviary
08:18 Gryphon Aviary
08:21 Gryphon Aviary
09:01 Castle
10:20 Farm
12:21 Guard Tower
12:21 Guard Tower
12:22 Guard Tower
12:22 Guard Tower
12:33 Guard Tower
14:55 Town Hall
17:28 Scout Tower
17:29 Scout Tower
17:31 Scout Tower
17:33 Scout Tower
18:39 Scout Tower
18:43 Scout Tower
18:48 Scout Tower
18:52 Scout Tower
18:55 Scout Tower
19:14 Guard Tower
19:15 Guard Tower
19:19 Guard Tower
19:24 Guard Tower
21:01 Barracks
24:44 Scout Tower
24:45 Scout Tower
24:46 Scout Tower
24:49 Scout Tower
24:51 Scout Tower
25:22 Guard Tower
25:40 Guard Tower
25:43 Guard Tower
25:54 Scout Tower
25:58 Scout Tower
26:22 Guard Tower
26:22 Guard Tower
26:44 Scout Tower
26:46 Scout Tower
26:47 Guard Tower
31:21 Keep
31:23 Altar of Kings
35:07 Castle
35:19 Scout Tower
35:20 Scout Tower
35:35 Scout Tower
35:36 Scout Tower
35:53 Scout Tower
35:56 Scout Tower
36:03 Guard Tower
36:03 Guard Tower
36:06 Guard Tower
36:21 Guard Tower
36:22 Guard Tower
38:40 Necropolis
39:35 Town Hall
39:45 Lumber Mill
40:36 Altar of Kings
42:09 Farm
42:13 Farm
42:16 Farm
43:26 Keep
43:31 Farm
43:50 Arcane Vault
43:56 Arcane Sanctum
44:11 Farm
44:48 Scout Tower
45:47 Arcane Tower
46:36 Arcane Tower
47:06 Town Hall
47:32 Arcane Tower
48:02 Arcane Vault
50:16 Castle
51:47 Town Hall
54:25 Keep
57:17 Castle
» items
| Scroll of Regeneration | 9 | |
| Boots of Speed | 1 | |
| Orb of Fire | 2 | |
| Potion of Healing | 3 | |
| Scroll of Healing | 2 | |
| Periapt of Vitality | 2 | |
| Potion of Lesser Invulnerability | 2 | |
| Lesser Clarity Potion | 1 | |
| Scroll of Town Portal | 1 | |
| Ivory Tower | 3 | |
26 total
Themanydk (
blue | 46 APM | 1239 actions | 26:50)
3 Blademaster
1 Wind Walk
1 Mirror Image
1 Critical Strike
» actions
| Build / train | 36 | |
| ESC pressed | 1 | |
| Enter build submenu | 38 | |
| Enter hero's abilities submenu | 3 | |
| Give item / drop item | 1 | |
| Right click | 860 | |
| Select / deselect | 259 | |
| Use ability | 40 | |
1239 total
» units
| Peon | 12 | |
| Grunt | 5 | |
| Troll Headhunter/Berserker | 2 | |
| Shaman | 2 | |
| Demolisher | 2 | |
| Tauren | 3 | |
26 total
» upgrades
| Berserker Upgrade | 1 | |
| Berserker Strength | 2 | |
| Burning Oil | 1 | |
4 total
» buildings
| Altar of Storms | 1 | |
| Orc Burrow | 9 | |
| Barracks | 2 | |
| War Mill | 1 | |
| Watch Tower | 11 | |
| Stronghold | 1 | |
| Spirit Lodge | 1 | |
| Fortress | 1 | |
| Tauren Totem | 1 | |
| Great Hall | 1 | |
29 total
» build order
00:17 Altar of Storms
00:44 Orc Burrow
01:03 Barracks
02:14 War Mill
03:49 Orc Burrow
05:48 Barracks
05:56 Watch Tower
06:00 Orc Burrow
07:20 Stronghold
07:26 Watch Tower
07:31 Orc Burrow
08:05 Watch Tower
08:17 Watch Tower
08:35 Orc Burrow
08:41 Watch Tower
08:48 Orc Burrow
09:38 Orc Burrow
09:43 Watch Tower
09:55 Spirit Lodge
11:38 Fortress
11:43 Watch Tower
11:49 Orc Burrow
11:53 Watch Tower
14:06 Orc Burrow
14:18 Tauren Totem
18:37 Great Hall
20:30 Watch Tower
22:08 Watch Tower
24:02 Watch Tower

»
fromhell07 (
green | 24 APM | 660 actions | 27:49)
4 Crypt Lord
2 Carrion Beetles
2 Spiked Carapace
» actions
| Build / train | 51 | |
| Enter build submenu | 30 | |
| Enter hero's abilities submenu | 4 | |
| Give item / drop item | 3 | |
| Right click | 321 | |
| Select / deselect | 209 | |
| Use ability | 42 | |
660 total
» units
| Ghoul | 9 | |
| Acolyte | 3 | |
| Crypt Fiend | 18 | |
| Necromancer | 7 | |
37 total
» upgrades
| Web | 1 | |
| Burrow | 1 | |
| Necromancer Training | 1 | |
| Skeletal Longevity | 1 | |
4 total
» buildings
| Altar of Darkness | 1 | |
| Crypt | 1 | |
| Ziggurat | 9 | |
| Graveyard | 2 | |
| Halls of the Dead | 2 | |
| Necropolis | 4 | |
| Tomb of Relics | 2 | |
| Temple of the Damned | 2 | |
| Spirit Tower | 3 | |
26 total
» build order
00:16 Altar of Darkness
00:20 Crypt
00:32 Ziggurat
03:08 Ziggurat
03:23 Graveyard
03:29 Ziggurat
03:33 Graveyard
03:40 Ziggurat
04:26 Halls of the Dead
10:05 Necropolis
10:13 Tomb of Relics
10:16 Temple of the Damned
11:39 Spirit Tower
11:49 Temple of the Damned
11:56 Tomb of Relics
12:55 Ziggurat
14:56 Ziggurat
15:05 Ziggurat
16:04 Spirit Tower
17:36 Necropolis
18:01 Ziggurat
18:11 Ziggurat
19:28 Halls of the Dead
19:35 Spirit Tower
20:39 Necropolis
24:17 Necropolis
Chat log
(06:14 / Allies) Black_Elf.: i love when idiots take my expo
(12:52 / Allies) Black_Elf.: hit
(12:54 / Allies) Black_Elf.: purp
(14:00 / Allies) cFx1993: omw
(16:10 / Allies) Black_Elf.: gold me purp
(17:14 / Allies) LordFarsanky: I'm out
(18:19 / Allies) Black_Elf.: gold meeeeeeeeeeee
(18:41 / Allies) Black_Elf.: no team play
(18:58 / Allies) cFx1993: no one asks for gold like u either.
(19:09 / Allies) Black_Elf.: i asked 2 times
(19:19 / Allies) cFx1993: fuckc
(23:28 / All) LordFarsanky: whoops
(24:33 / Allies) Black_Elf.: meet
(26:04 / All) Black_Elf.: red i already got tanks
(26:06 / All) Black_Elf.: comom
(27:16 / All) out.there: gg
(28:34 / Allies) cFx1993: check teal
(29:50 / Allies) Black_Elf.: lol
(29:51 / Allies) Black_Elf.: noob
(30:19 / All) Black_Elf.: purp is tking me
(30:22 / All) Black_Elf.: u believe?
(30:23 / All) CountryInternet: oh really
(30:24 / All) Black_Elf.: hes mad
(30:30 / All) CountryInternet: why
(30:38 / All) Black_Elf.: im better htne him
(30:49 / Allies) cFx1993: wow u fucker
(30:52 / All) CountryInternet: i can tell, you have like 900 apm
(30:56 / Allies) cFx1993: srsly just killed my workers.
(31:36 / All) Black_Elf.: he wants all expos
(31:43 / All) cFx1993: lol that faggot
(31:48 / All) CountryInternet: why, does he only have 600 gold or something?
(31:51 / All) CountryInternet: what a noob
(33:05 / All) cFx1993: this purple is a faggot
(33:36 / Allies) Black_Elf.: move
(34:54 / All) Black_Elf.: hes killing all heros
(34:55 / All) Black_Elf.: lol
(34:57 / All) Black_Elf.: gl
(35:49 / All) cFx1993: how does one play with this asshole?
(36:01 / All) CountryInternet: with a dildo
(36:10 / All) FUXSUHDUXS2: who yellow
(36:17 / All) cFx1993: no purple
(36:18 / All) CountryInternet: you play with assholes using a dildo
(36:30 / All) FUXSUHDUXS2: hes always been that way
(36:39 / All) CountryInternet: with an asshole? i hope so
(36:49 / All) FUXSUHDUXS2: no acting like one
(36:59 / All) CountryInternet: is he your brother irl?
(38:34 / All) FUXSUHDUXS2: wanna dance yellow
(39:17 / All) Black_Elf.: u guys gonna win
(39:30 / All) CountryInternet: there's just me
(39:43 / All) cFx1993: purple is literally killing all our heroes.
(39:51 / All) CountryInternet: oh, i thought you meant figuratively
(39:57 / All) Black_Elf.: no
(40:00 / All) Black_Elf.: hes tking
(40:03 / All) CountryInternet: has left the game!
(40:08 / All) LordFarsanky: stop me you're better than me
(40:10 / Allies) cFx1993: lol
(40:15 / All) Black_Elf.: i am
(40:15 / All) cFx1993: LOL
(40:28 / All) Black_Elf.: i said he was mad
(40:39 / All) CountryInternet: why is he mad?
(40:47 / All) cFx1993: hes a fuck tard
(40:49 / All) Black_Elf.: cause im better then him
(40:59 / All) CountryInternet: how much gold does he have? how much do you have?
(41:00 / All) LordFarsanky: You can't even grasp the difference of then and than
(41:17 / All) CountryInternet: He probably doesn't know they're different
(41:32 / All) cFx1993: he's 9k
(41:42 / All) CountryInternet: damn that's old
(42:12 / All) cFx1993: talk about cock blocking
(42:18 / All) cFx1993: this guy is a pro
(42:37 / All) CountryInternet: How many expos does he have? Someone said earlier he wants all the gold
(42:42 / All) Black_Elf.: 3
(42:49 / All) Black_Elf.: hit him with tanks
(42:51 / All) CountryInternet: He must be pro then, mass expoing is good in 4v4
(42:58 / All) Black_Elf.: no
(43:00 / All) Black_Elf.: hes noob
(43:00 / All) CountryInternet: Tanks have firepower fool, not fists
(43:03 / All) Black_Elf.: just air
(43:07 / All) Black_Elf.: hit him
(43:11 / All) Black_Elf.: up right
(43:17 / All) Black_Elf.: just send tanks
(43:23 / All) CountryInternet: I only have siege engines
(43:29 / All) Black_Elf.: enought
(43:38 / All) CountryInternet: No, where do I get the tank upgrade?
(43:53 / All) cFx1993: blacksmith
(43:58 / All) FUXSUHDUXS2: u mean barrage?
(43:59 / All) CountryInternet: I don't see it
(44:02 / Allies) Black_Elf.: use tower
(44:06 / All) CountryInternet: No, the upgrade from siege engines to tanks
(44:18 / All) FUXSUHDUXS2: they are already tanks
(44:18 / All) Black_Elf.: lol
(44:28 / All) CountryInternet: They are siege engines, the name says "Siege Engine"
(44:31 / All) CountryInternet: Where do I get tanks
(44:31 / All) cFx1993: now purple is wiping out my base. lol.
(44:38 / All) CountryInternet: Was it dirty
(45:33 / All) cFx1993: Remember me lordfucktard
(45:46 / All) cFx1993: ill rape ur ass next time I play against u
(45:46 / All) Black_Elf.: i should killed him when stole my expo first time
(45:50 / All) Black_Elf.: me too
(45:53 / All) LordFarsanky: Somehow I rather doubt it
(46:04 / All) Black_Elf.: he changes accounts
(46:06 / All) cFx1993: u have a temper of a 4year old
(46:08 / All) Black_Elf.: noobs do that
(46:23 / All) cFx1993: goes around killing their allies expos... and heroes who does tht?
(46:33 / All) cFx1993: oh thts right he's a retard.
(46:36 / All) Black_Elf.: like purp
(46:54 / Allies) cFx1993: red got invis thingy
(46:57 / Allies) cFx1993: teal
(47:03 / Allies) cFx1993: dont go his base
(47:29 / Allies) Black_Elf.: lol
(47:32 / Allies) Black_Elf.: hes idiot
(47:40 / Allies) cFx1993: a true idiot
(47:58 / Allies) cFx1993: idk what the fuck is wrong with his brain
(48:29 / All) cFx1993: lol now he's unsummoning his bases.
(48:36 / All) CountryInternet: To give you the loss
(48:37 / All) CountryInternet: Duh
(48:49 / All) cFx1993: i'd rather let u win it.
(49:07 / All) cFx1993: Than let this shitty noob get ur exp
(50:02 / All) Black_Elf.: gg
(50:04 / All) Black_Elf.: lol
(50:07 / All) CountryInternet: GG WP sir!
(50:09 / All) cFx1993: whats the point of buying staff?
(50:15 / All) CountryInternet: To capture your hero
(50:17 / All) LordFarsanky: Come save your base teal
(50:18 / All) FUXSUHDUXS2: fuku yellow ur a jerk
(50:22 / All) cFx1993: not a goodgame.
(50:26 / All) CountryInternet: Why am I a jerk for accepting a free win?
(50:42 / All) Black_Elf.: thats the spirit
(50:45 / All) Black_Elf.: never give up
(50:57 / All) Black_Elf.: sometimes other teams have jerks
(51:04 / All) FUXSUHDUXS2: yellow ur a nigger like purple
(51:06 / All) cFx1993: i'd rather die to those towers than let purple have his fun
(51:21 / All) CountryInternet: You lost all of your tanks to towers
(51:23 / All) CountryInternet: No idea how
(51:52 / Allies) FUXSUHDUXS2: this is your fault elf
(52:00 / Allies) FUXSUHDUXS2: always gotta piss ppl off
(52:06 / Allies) Black_Elf.: lol
(52:09 / Allies) Black_Elf.: realy?
(52:16 / Allies) Black_Elf.: just a game
(52:21 / Allies) Black_Elf.: dont be mad too
(52:23 / Allies) cFx1993: of all the people you're going to blame pink? lol...
(52:29 / Allies) FUXSUHDUXS2: aww u and yellow should get a room
(52:52 / Allies) FUXSUHDUXS2: wat are you doing fagg
(53:00 / Allies) LordFarsanky: I told you to defend it
(53:09 / Allies) LordFarsanky: Now it must die
(53:10 / Allies) FUXSUHDUXS2: eat a dik
(53:20 / Allies) FUXSUHDUXS2: or eat more than u have had already
(53:21 / All) cFx1993: hey guys purple's army is at teal's base go kill him
(53:39 / All) Black_Elf.: just hit that purp and end this
(53:44 / All) Black_Elf.: u had ur fun
(53:48 / All) Black_Elf.: congrats
(53:55 / All) CountryInternet: Thanks man
(54:03 / All) CountryInternet: I appreicate your congratulations
(54:08 / Allies) Black_Elf.: lol
(54:09 / All) FUXSUHDUXS2: oh stfu he will fuk u over too
(54:13 / Allies) Black_Elf.: i talked to purp
(54:17 / All) CountryInternet: He has 1 war mill
(54:25 / All) Black_Elf.: send tanks there
(54:34 / All) CountryInternet: I don't have any
(54:38 / All) CountryInternet: Just siege engines
(54:46 / All) CountryInternet: You couldn't help me find the upgrade to tanks
(54:47 / All) Black_Elf.: lol
(54:49 / All) FUXSUHDUXS2: omg you are stupid
(54:58 / All) CountryInternet: That, or WC3: WW2 isn't out yet. Expansion idea for Blizzard!
(55:07 / Allies) FUXSUHDUXS2: steam tank
(55:10 / Allies) Black_Elf.: loooooool
(55:15 / Allies) Black_Elf.: 1 hit other heakl
(55:18 / Allies) Black_Elf.: thats stupid
(55:59 / All) CountryInternet: Where can I get tanks so I can end this? Do I buy them from the goblin laboratory?
(56:02 / All) Black_Elf.: come yellow
(56:02 / All) FUXSUHDUXS2: i hope you get genital warts purple
(56:03 / Allies) cFx1993: anyone got gold?
(56:09 / All) Black_Elf.: i wanna see purp get fucked
(56:17 / All) CountryInternet: I'm not a pornstar
(56:33 / All) Black_Elf.: i am
(56:35 / All) CountryInternet: Where do I get tanks? Tell me already!
(56:45 / All) FUXSUHDUXS2: sigh
(57:16 / All) Black_Elf.: can this game be over?
(57:25 / All) CountryInternet: Yeah, but where do I upgrade my Siege Engines to tanks?
(57:26 / All) LordFarsanky: What are you waiting for?
(57:29 / All) FUXSUHDUXS2: yellow im bs u every chance i get
(57:45 / All) Black_Elf.: dont go tanks
(57:50 / All) Black_Elf.: siege is fine
(58:00 / All) CountryInternet: Siege engines aren't good enough though, you said I needed tanks earlier
(58:12 / All) Black_Elf.: u dont need anymore
(58:23 / All) CountryInternet: 6 siege engines isn't enough. I need 6 tanks
(58:30 / All) Black_Elf.: tanks just hit melee
(58:33 / All) Black_Elf.: he has air
(58:36 / All) Black_Elf.: sige hit air
(59:06 / All) CountryInternet: Pink, can I ask a question?
(59:06 / Allies) Black_Elf.: how to spend all gold, staring PURP
(59:16 / All) Black_Elf.: sure
(59:18 / Allies) cFx1993: lol
(59:27 / All) CountryInternet: What should I spend my 22.8k gold and 3k wood on?
(59:37 / All) FUXSUHDUXS2: peasents
(59:38 / All) Black_Elf.: mortar
(59:40 / All) cFx1993: things tht rape purple.
(59:48 / All) CountryInternet: Should I buy out Microsoft with it?
(59:49 / All) Black_Elf.: casters are good too
(59:56 / All) Black_Elf.: no
(60:00 / All) Black_Elf.: buy apple
(60:12 / All) FUXSUHDUXS2: thats not enough to buy them
(60:18 / All) LordFarsanky: Are you guys having as much fun as I am?
(60:26 / All) CountryInternet: Yes
(60:32 / All) Black_Elf.: oh yes
(60:46 / All) CountryInternet: So, how was your day, pink and orange?
(61:17 / All) Black_Elf.: im afk now
(61:21 / All) Black_Elf.: gl hf
(61:25 / All) CountryInternet: How did you type that, then?
(61:30 / All) CountryInternet: If you were AFK at that second
(61:58 / All) LordFarsanky: gg